 Dungeon Crawl Stone Soup version 0.30-a0-634-g8abc85282e (webtiles) character file.

Game seed: 1166615922835545971

395328 bjtr the Earth Mage (level 23, -46/150 HPs)
             Began as a Gargoyle Earth Elementalist on Jan 14, 2023.
             Was the Champion of Vehumet.
             Blown up by Boris (105 damage)
             ... with an orb of destruction
             ... on level 3 of the Vaults on Jan 15, 2023.
             The game lasted 04:50:03 (46332 turns).

bjtr the Earth Mage (Gargoyle Earth Elementalist)  Turns: 46332, Time: 04:50:04

Health: -46/150    AC: 37    Str: 15    XL:     23   Next: 18%
Magic:  23/44      EV: 17    Int: 40    God:    Vehumet [******]
Gold:   515        SH: 17    Dex: 16    Spells: 8/57 levels left

rFire   + . .      SeeInvis .    a - +8 long sword "Yfachuoh" {speed, Dex+2}
rCold   + . .      Faith    .    T - +3 kite shield {reflect}
rNeg    + + +      Spirit   .    V - +4 troll leather armour
rPois   ∞          Reflect  +    F - +2 helmet {Int+3}
rElec   +          Harm     .    B - scarf {repulsion}
rCorr   +          Rampage  .    q - +3 pair of gloves of the Grue {rN+ Regen+ Int+3}
Will    +....                    l - +1 pair of boots of Pydiytim {Dex+4}
Stlth   ++++                     h - amulet "Cawnyw" {Regen+ rCorr}
HPRegen 2.85/turn                m - ring of Fekoetuth {rPois rF+ Int+6}
MPRegen 0.29/turn                g - ring of Bikkanoi {rC+ rN+ Str+2 Int+2}

@: flying, studying 2 skills, repel missiles
A: sickness immunity, AC +17, big wings, negative energy resistance 1,
electricity resistance, torment resistance 1, petrification resistance
}: 2/15 runes: serpentine, barnacled
a: Renounce Religion


You were on level 3 of the Vaults.
You worshipped Vehumet.
Vehumet was exalted by your worship.
You visited 7 branches of the dungeon, and saw 34 of its levels.
You visited 1 bazaar.
You also visited: Trove, Ossuary and Volcano.

You collected 6465 gold pieces.
You spent 5950 gold pieces at shops.

Inventory:

Hand Weapons
 a - the +8 long sword "Yfachuoh" (weapon) {speed, Dex+2}
   (You found it on level 14 of the Dungeon)

   Dex:       It affects your dexterity (+2).
 b - a +1 hand crossbow
 f - a +0 demon blade
 r - a +3 broad axe
Missiles
 e - 2 silver javelins (quivered)
 H - 9 throwing nets
Armour
 l - the +1 pair of boots of Pydiytim (worn) {Dex+4}
   (You bought it in a shop in a bazaar)

   Dex:       It affects your dexterity (+4).
 q - the +3 pair of gloves of the Grue (worn) {rN+ Regen+ Int+3}
   (You acquired it on level 7 of the Dungeon)

   Int:       It affects your intelligence (+3).
   rN:        It protects you from negative energy.
   Regen:     It increases your rate of health regeneration.
 B - a scarf of repulsion (worn)
 F - a +2 helmet of intelligence (worn)
 T - a +3 kite shield of reflection (worn)
 V - a +4 troll leather armour (worn)
Jewellery
 g - the ring of Bikkanoi (right hand) {rC+ rN+ Str+2 Int+2}
   (You acquired it on level 1 of the Lair of Beasts)

   [ring of positive energy]

   Str:       It affects your strength (+2).
   Int:       It affects your intelligence (+2).
   rC:        It protects you from cold.
   rN:        It protects you from negative energy.
 h - the amulet "Cawnyw" (around neck) {Regen+ rCorr}
   (You found it in a treasure trove)

   [amulet of regeneration]

   Regen:     It increases your rate of health regeneration.
   rCorr:     It protects you from acid and corrosion.
 m - the ring of Fekoetuth (left hand) {rPois rF+ Int+6}
   (You bought it in a shop in a bazaar)

   [ring of intelligence]

   Int:       It affects your intelligence (+6).
   rF:        It protects you from fire.
   rPois:     It protects you from poison.
 s - the ring of the Philosopher {+Blink rC+ Dex-4 SInv}
   (You found it in a treasure trove)

   [ring of see invisible]

   Dex:       It affects your dexterity (-4).
   rC:        It protects you from cold.
   SInv:      It lets you see invisible.
   +Blink:    It lets you blink.
 K - a ring of resist corrosion
 L - the ring of Domnae Luph {Str+4 Int+6}
   (You found it in a treasure trove)

   [ring of intelligence]

   Str:       It affects your strength (+4).
   Int:       It affects your intelligence (+6).
 R - the ring "Deijaxeg" {EV+5 Str+6}
   (You found it in a treasure trove)

   [ring of evasion]

   EV:        It affects your evasion (+5).
   Str:       It affects your strength (+6).
Wands
 c - a wand of paralysis (42)
 w - a wand of iceblast (6)
 M - a wand of mindburst (6)
 Q - a wand of digging (4)
Scrolls
 i - a scroll of magic mapping
 n - 16 scrolls of teleportation
 o - 5 scrolls of amnesia
 p - 6 scrolls of fear
 t - 3 scrolls of silence
 x - a scroll of enchant weapon
 y - 2 scrolls of fog
 C - 6 scrolls of blinking
 P - 2 scrolls of butterflies
 W - 4 scrolls of immolation
 X - 5 scrolls of vulnerability
 Z - 11 scrolls of poison
Potions
 k - 4 potions of resistance
 v - 2 potions of cancellation
 z - 5 potions of brilliance
 E - 6 potions of invisibility
 J - 2 potions of ambrosia
 O - 8 potions of curing
 S - a potion of magic
Miscellaneous
 A - a lightning rod (inert)
 N - a phantom mirror (inert)
 Y - a tin of tremorstones (inert)


   Skills:
 * Level 17.4 Fighting
 + Level 9.0 Armour
 + Level 11.0 Dodging
 + Level 9.4 Stealth
 + Level 15.6 Shields
 + Level 17.8 Spellcasting
 + Level 15.8 Conjurations
 - Level 0.7 Transmutations
 + Level 4.5 Fire Magic
 * Level 20.9 Earth Magic
 + Level 2.4 Poison Magic
 + Level 2.0 Evocations


You had 8 spell levels left.
You knew the following spells:

 Your Spells              Type           Power      Damage    Failure   Level
a - Orb of Destruction    Conj           52%        9d13      1%          7
b - Passwall              Tmut/Erth      74%        N/A       1%          2
c - Stone Arrow           Conj/Erth      100%       3d13      0%          3
d - Petrify               Tmut/Erth      89%        N/A       1%          4
e - Blink                 Tloc           70%        N/A       2%          2
f - Scorch                Fire           100%       2d10      1%          2
g - Flame Wave            Conj/Fire      87%        2d19      1%          4
h - Ignite Poison         Fire/Tmut/Pois 54%        N/A       1%          3
i - Arcjolt               Conj/Air       39%        1d49      1%          5
j - Searing Ray           Conj           100%       2d8       0%          2
k - Irradiate             Conj/Tmut      40%        3d25      1%          5
l - Lee's Rapid Deconstr  Erth           58%        3d27*     0%          5
m - Borgnjor's Vile Clut  Necr/Erth      44%        N/A       1%          5

Your spell library contained the following spells:

 Spells                   Type           Power      Damage    Failure   Level
 Polar Vortex             Ice            17%        N/A       100%        9
 Magic Dart               Conj           100%       1d8       0%          1
 Sandblast                Erth           100%       2d20      0%          1
 Kiss of Death            Conj/Necr      100%       2d13      1%          1
 Shock                    Conj/Air       100%       1d9       1%          1
 Sting                    Tmut/Pois      100%       1d8       1%          1
 Momentum Strike          Conj/Tloc      100%       3d10      1%          2
 Poisonous Vapours        Pois/Air       90%        N/A       1%          2
 Hailstorm                Conj/Ice       78%        3d16      1%          3
 Inner Flame              Hex/Fire       52%        N/A       1%          3
 Kindle Blastsparks       Fire/Tloc/Air  94%        2d17      1%          3
 Mephitic Cloud           Conj/Pois/Air  71%        N/A       1%          3
 Fulminant Prism          Conj/Hex       39%        3d17      1%          4
 Iskenderun's Mystic Bla  Conj/Tloc      78%        2d16      1%          4
 Leda's Liquefaction      Hex/Erth       44%        N/A       1%          4
 Olgreb's Toxic Radiance  Pois           53%        N/A       1%          4
 Sticky Flame             Conj/Fire      87%        2d10      1%          4
 Lehudib's Crystal Spear  Conj/Erth      55%        10d13     1%          8
 Call Imp                 Summ           35%        N/A       2%          2
 Ensorcelled Hibernation  Hex/Ice        70%        N/A       2%          2
 Spider Form              Tmut/Pois      48%        N/A       2%          3
 Confusing Touch          Hex            35%        N/A       4%          3
 Lesser Beckoning         Tloc           70%        N/A       4%          3
 Ozocubu's Armour         Ice            35%        N/A       4%          3
 Swiftness                Air            35%        N/A       4%          3
 Vhi's Electric Charge    Tloc/Air       70%        N/A       4%          3
 Airstrike                Air            17%        2d(3-19)  4%          4
 Anguish                  Hex/Necr       17%        N/A       16%         4
 Animate Dead             Necr           35%        N/A       16%         4
 Dispel Undead            Necr           35%        3d15      16%         4
 Passage of Golubria      Tloc           35%        N/A       16%         4
 Alistair's Intoxication  Tmut/Pois      32%        N/A       24%         5
 Eringya's Noxious Bog    Tmut/Pois      24%        N/A       32%         6
 Silence                  Hex/Air        17%        N/A       41%         5
 Death Channel            Necr           17%        N/A       94%         6
 Summon Cactus Giant      Summ           17%        N/A       94%         6
 Ozocubu's Refrigeration  Ice            17%        4d11      96%         7
 Ignition                 Fire           32%        3d10      97%         8
 Maxwell's Capacitive Co  Air            17%        ∞         100%        8
 Shatter                  Erth           58%        3d44*     9%          9
 Fire Storm               Conj/Fire      43%        8d11      99%         9
 Chain Lightning          Conj/Air       39%        3d52      100%        9
 Sublimation of Blood     Necr           Unusable   N/A       N/A         2
 Statue Form              Tmut/Erth      Unusable   N/A       N/A         6

Dungeon Overview and Level Annotations

Branches:
Dungeon (15/15)            Temple (1/1) D:5            Lair (5/5) D:11
 Shoals (4/4) Lair:3        Snake (4/4) Lair:2        Slime (0/5) Lair:4
    Orc (2/2) D:11            Elf (0/3) Orc:2        Vaults (3/5) D:14
  Crypt (0/3) Vaults:2     Depths (0/4) D:15        Ossuary (visited)
Volcano (visited)

Altars:
Ashenzari
Cheibriados
Dithmenos
Elyvilon
Fedhas
Gozag
Hepliaklqana
Kikubaaqudgha
Makhleb
Nemelex Xobeh
Okawaru
Qazlal
Ru
Sif Muna
Trog
Uskayaw
Vehumet
Wu Jian
Xom
Yredelemnul
Zin
The Shining One
Jiyva

Shops:
D:1 =   Orc:2 (**(   Shoals:1 !   Shoals:2 :   Snake:1 [   Vaults:3 !(?

Portals:
Abyss: Snake:4

Annotations:
D:11 1 runed translucent door, greasedhog's ghost, journeyman MfFi
Lair:4 2 transporters, bronco's ghost, journeyman HOBr
Snake:4 2 transporters, Newt's ghost, adept DsGl
Vaults:3 Boris; Mennas


Innate Abilities, Weirdness & Mutations

You are immune to sickness and miasma.
Your stone body is resilient. (AC +17)
You are immune to poison.
Your large and strong wings let you fly.
You resist negative energy. (rN+)
You are resistant to electric shocks. (rElec)
You are resistant to unholy torment.
You are immune to petrification.


Message History

Something completely misses you. You block the deep troll's attack. x2
The deep troll claws you.
Casting: Arcjolt (mildly dangerous; 1% risk of failure)
Confirm with . or Enter, or press ? or * to list all spells.
Electricity surges outward!
The deep troll is almost dead.
The ironbound preserver is almost dead.
The deep troll is lightly wounded.
You kill the ironbound preserver!
Vehumet accepts your kill.
You feel your power returning.
You hear some strange, mumbled words.
An iron shot appears from out of thin air!
The iron shot misses you. The deep troll closely misses you.
You block the deep troll's attack.
The deep troll claws you but does no damage.
Casting: Arcjolt (mildly dangerous; 1% risk of failure)
Confirm with . or Enter, or press ? or * to list all spells.
Electricity surges outward!
You kill the deep troll!
Vehumet accepts your kill.
You feel your power returning.
The troll leather armour is intact enough to wear.
The deep troll is lightly wounded.
You hear some strange, mumbled words.
An iron shot appears from out of thin air!
The iron shot hits you!!
* * * LOW HITPOINT WARNING * * *
Something hits you.
* * * LOW HITPOINT WARNING * * *
Something completely misses you. Something hits you but does no damage.
Something touches you but does no damage.
Something conjures a glowing orb.
An orb of destruction comes into view.
You hear some strange, mumbled words.
A bolt of cold appears from out of thin air!
The bolt of cold misses you. The orb of destruction hits you!!!!
Ouch! That really hurt!
You die...

#++### ###'## ## #....#
#....# #....## ##....# .
#.....###.....# ..
###.............### .).
##..)..............#####....
#..)................#....#
+....^....<....○○○{.#[†..#
#........[....@..T..'.)..#
##...).............###+#....
###..[[.........### .
#..<..###.....# #....##
##....# #...|# #....# ######
######


You could see a deep troll.

Vanquished Creatures
  Margery (Vaults:3)
  A bone dragon (Vaults:2)
  Mlioglotl (Snake:1)
  Rupert (D:14)
  Polyphemus (Shoals:3)
  A sphinx (Vaults:2)
  Kirke (D:15)
  5 nagarajas
  Roxanne (D:14)
  Donald (Orc:2)
  Ilsuiw (Shoals:3)
  2 frost giants
  Aizul (Vaults:1)
  2 orc warlords
  A very ugly thing (Vaults:1)
  12 vault wardens
  10 ironbound preservers
  5 ironbound thunderhulks
  8 dire elephants
  2 ettins
  Josephine (D:11)
  Snorg (D:13)
  3 yaktaur captains (Vaults:2)
  2 merfolk javelineers (Shoals:3)
  7 merfolk impalers
  A great orb of eyes (Vaults:3)
  The ghost of Efuan the Cleaver, a journeyman MiFi of Okawaru (D:12)
  An entropy weaver (Vaults:2)
  Erolcha (D:9)
  Harold (D:9)
  An ice dragon (Lair:5)
  2 hydras
  2 merfolk avatars
  5 salamander tyrants
  6 vault guards
  2 catoblepae
  7 anacondas
  An ogre mage (D:15)
  5 ironbound frosthearts
  5 two-headed ogres
  Erica (D:8)
  4 satyrs
  4 boulder beetles
  26 centaur warriors
  11 merfolk aquamancers
  An alligator snapping turtle (Shoals:4)
  13 death yaks
  17 naga warriors
  3 tengu warriors
  4 shock serpents
  Urug (Lair:1)
  4 orc high priests (Orc:2)
  6 hell knights
  Sonja (Lair:3)
  12 naga sharpshooters
  Nergalle (D:12)
  6 salamander mystics
  A shock serpent (shapeshifter) (D:15)
  4 skeletal warriors (D:14)
  30 deep trolls
  A glowing orange brain (Vaults:1)
  14 sea snakes
  8 naga ritualists
  17 lindwurms
  An orange crystal statue (Snake:3)
  A necromancer (D:15)
  4 wizards
  A phantasmal warrior (Vaults:2)
  12 orc knights
  A wolf spider zombie (D:15)
  7 ironbound convokers
  37 harpies
  8 ugly things
  2 wolf spiders (Lair:4)
  14 mana vipers
  12 salamanders
  23 fauns
  4 deep elf pyromancers
  8 cyclopes
  7 orc sorcerers
  6 elephants
  10 manticores
  2 moths of wrath (D:12)
  3 guardian serpents
  Joseph (D:8)
  7 merfolk sirens
  22 naga magi
  4 vault sentinels
  37 black mambas
  5 torpor snails (Lair:5)
  8 water nymphs
  3 gargoyles
  An unseen horror (D:11)
  9 cane toads
  5 rime drakes
  An efreet (D:14)
  25 yaktaurs
  2 tengu conjurers (D:13)
  15 komodo dragons
  A freezing wraith (Vaults:2)
  9 trolls
  5 wind drakes
  3 tyrant leeches (Lair:5)
  2 polar bears
  8 hornets
  24 merfolk
  Prince Ribbit (D:5)
  10 blink frogs
  6 snapping turtles
  15 dream sheep
  25 slime creatures
  3 shadows (D:10)
  11 water elementals
  76 yaks
  3 vampires (D:10)
  18 humans
  5 wraiths (D:11)
  4 basilisks
  5 wyverns
  Eustachio (D:4)
  13 vampire mosquitoes
  4 steam dragons
  A harpy simulacrum (D:15)
  53 nagas
  2 acid dragons (D:13)
  12 water moccasins
  An ice beast (D:8)
  23 orc warriors
  5 black bears
  A sky beast (D:8)
  20 centaurs
  26 wolves
  7 ogres
  2 phantoms
  2 kobold brigands
  11 bullfrogs
  A gnoll sergeant (Orc:2)
  3 necrophages
  4 scorpions (D:5)
  10 wights
  14 killer bees
  A jelly (D:4)
  A vampire bat (Lair:2)
  A bullfrog zombie (Ossuary)
  2 howler monkeys
  8 hounds (D:5)
  7 centaur zombies
  Crazy Yiuf (D:3)
  2 gnoll boudas
  13 orc priests
  Natasha (thrice) (D:4)
  12 iguanas
  Terence (D:3)
  25 orc wizards
  A scorpion zombie (Ossuary)
  Robin (D:4)
  A howler monkey zombie (D:10)
  18 gnolls
  9 adders
  A shadow imp (D:5)
  A white imp (D:5)
  2 ufetubi
  2 adder zombies (Ossuary)
  4 dart slugs
  75 orcs
  10 bats
  7 endoplasms
  2 giant cockroaches
  16 goblins
  8 hobgoblins
  13 kobolds
  2 quokkas
  6 ball pythons
  16 frilled lizards
  2 gnoll zombies (Ossuary)
  3 goblin zombies (Ossuary)
  3 hobgoblin zombies (Ossuary)
  4 orc zombies (Ossuary)
  5 rats
  A bush (Lair:3)
  A butterfly (Lair:5)
1352 creatures vanquished.

Vanquished Creatures (others)
  A merfolk aquamancer (Shoals:1)
  A two-headed ogre (D:12)
  A centaur warrior (Vaults:2)
  A naga warrior (Snake:2)
  A salamander (Snake:4)
  A merfolk siren (Shoals:3)
  A yaktaur (Volcano)
  A komodo dragon (D:13)
  A dream sheep (Shoals:2)
  5 humans (D:15)
  A swamp drake (D:13)
  A bullfrog (Lair:2)
  3 frilled lizards (D:13)
  A bush (Lair:5)
  29 fungi
  185 plants
  A withered plant (D:10)
235 creatures vanquished.

Grand Total: 1587 creatures vanquished

Notes
Turn   | Place    | Note
-------+----------+-------------------------------------------
     0 | D:1      | bjtr the Gargoyle Earth Elementalist began the quest for
                  | the Orb.
     0 | D:1      | Reached XP level 1. HP: 10/10 MP: 3/3
   167 | D:1      | Reached XP level 2. HP: 16/16 MP: 5/5
   176 | D:1      | Reached skill level 4 in Earth Magic
   281 | D:1      | Learned a level 2 spell: Passwall
   509 | D:1      | Found Damaum's Jewellery Boutique.
   708 | D:1      | Reached XP level 3. HP: 20/20 MP: 3/6
   712 | D:1      | Learned a level 3 spell: Stone Arrow
   987 | D:1      | Reached skill level 1 in Fighting
  1215 | D:2      | Noticed a phantom
  1224 | D:2      | Killed a phantom
  1225 | D:2      | Reached skill level 1 in Armour
  1225 | D:2      | Reached skill level 1 in Conjurations
  1225 | D:2      | Reached XP level 4. HP: 23/25 MP: 0/8
  1225 | D:2      | Reached XP level 5. HP: 26/29 MP: 0/9
  1454 | D:2      | Reached skill level 5 in Earth Magic
  2024 | D:3      | Noticed Terence
  2033 | D:3      | Killed Terence
  2034 | D:3      | Reached XP level 6. HP: 23/34 MP: 0/11
  2177 | D:3      | Found an opulent altar of Gozag.
  2320 | D:3      | Found a hide-covered altar of Uskayaw.
  2428 | D:3      | Found a runed translucent door.
  2429 | D:3      | Noticed Crazy Yiuf
  2434 | D:3      | Killed Crazy Yiuf
  2798 | D:4      | Found a sand-covered staircase.
  2807 | Ossuary  | Entered an ossuary
  3230 | Ossuary  | Reached XP level 7. HP: 37/39 MP: 7/12
  3326 | Ossuary  | Noticed a silent spectre
  3384 | D:4      | Identified a scroll of acquirement
  3384 | D:4      | Acquired 1138 gold pieces
  3452 | D:4      | Reached skill level 6 in Earth Magic
  3576 | D:4      | Noticed Eustachio
  3580 | D:4      | Killed Eustachio
  3706 | D:4      | Noticed Natasha
  3709 | D:4      | Killed Natasha
  3799 | D:4      | Found a sparkling altar of Nemelex Xobeh.
  4006 | D:4      | Found a burning altar of Makhleb.
  4050 | D:4      | Noticed Robin
  4056 | D:4      | Killed Robin
  4309 | D:4      | Noticed Natasha
  4313 | D:4      | Killed Natasha
  4763 | D:4      | Noticed Natasha
  4767 | D:4      | Killed Natasha
  4869 | D:5      | Entered Level 5 of the Dungeon
  4969 | D:5      | Reached XP level 8. HP: 45/45 MP: 11/15
  4974 | D:5      | Learned a level 4 spell: Petrify
  5076 | D:5      | Reached skill level 5 in Spellcasting
  5268 | D:5      | Found an ornate altar of the Wu Jian Council.
  5281 | D:5      | Found a hazy altar of Hepliaklqana.
  5298 | D:5      | Reached skill level 7 in Earth Magic
  5397 | D:5      | Noticed Prince Ribbit
  5404 | D:5      | Killed Prince Ribbit
  5772 | D:5      | Reached XP level 9. HP: 48/51 MP: 15/17
  5999 | D:5      | Noticed a hornet
  6066 | D:5      | Killed a hornet
  6067 | D:5      | Reached skill level 8 in Earth Magic
  6220 | D:5      | Found a bloodstained altar of Trog.
  6220 | D:5      | Found a stormy altar of Qazlal.
  6347 | D:5      | Found a staircase to the Ecumenical Temple.
  6352 | Temple   | Entered the Ecumenical Temple
  6403 | Temple   | Became a worshipper of Vehumet
  6749 | D:6      | Found a white marble altar of Elyvilon.
  6975 | D:6      | Found an iron altar of Okawaru.
  7115 | D:6      | Reached * piety under Vehumet
  7115 | D:6      | Offered knowledge of Kiss of Death by Vehumet.
  7384 | D:6      | Reached skill level 5 in Stealth
  7886 | D:7      | Reached skill level 9 in Earth Magic
  7943 | D:7      | Reached XP level 10. HP: 57/57 MP: 16/20
  7943 | D:7      | Reached ** piety under Vehumet
  7949 | D:7      | Offered knowledge of Searing Ray by Vehumet.
  7953 | D:7      | Learned a level 2 spell: Searing Ray
  8086 | D:7      | Acquired the +3 pair of gloves of the Grue {rN+ Regen+
                  | Int+3}
  8099 | D:7      | Upgraded the game from 0.30-a0-632-g346586fe48 to
                  | 0.30-a0-634-g8abc85282e
  8469 | D:8      | Noticed Erica
  8496 | D:8      | Killed Erica
  9197 | D:8      | Noticed Joseph
  9219 | D:8      | Killed Joseph
  9351 | D:8      | Reached skill level 10 in Earth Magic
  9681 | D:9      | Found a shadowy altar of Dithmenos.
  9877 | D:9      | Reached skill level 5 in Armour
  9883 | D:9      | Reached skill level 5 in Fighting
  9883 | D:9      | Reached skill level 5 in Conjurations
  9885 | D:9      | Offered knowledge of Momentum Strike by Vehumet.
 10102 | D:9      | Found a shimmering blue altar of Sif Muna.
 10136 | D:9      | Reached XP level 11. HP: 63/63 MP: 12/23
 10477 | D:9      | Noticed Harold
 10486 | D:9      | Reached *** piety under Vehumet
 10565 | D:9      | Noticed Erolcha
 10573 | D:9      | Killed Erolcha
 10817 | D:9      | Killed Harold
 10930 | D:9      | Learned a level 2 spell: Scorch
 10936 | D:9      | Learned a level 5 spell: Irradiate
 10941 | D:9      | Learned a level 4 spell: Flame Wave
 11025 | D:10     | Entered Level 10 of the Dungeon
 11172 | D:10     | Offered knowledge of Kindle Blastsparks by Vehumet.
 11356 | D:10     | Found a snail-covered altar of Cheibriados.
 11369 | D:10     | Reached skill level 5 in Dodging
 11378 | D:10     | Reached skill level 11 in Earth Magic
 12146 | D:10     | Reached **** piety under Vehumet
 12505 | D:11     | Offered knowledge of Yara's Violent Unravelling by Vehumet.
 12513 | D:11     | Reached XP level 12. HP: 56/71 MP: 9/25
 12660 | D:11     | Found a staircase to the Lair.
 12849 | D:11     | Found a runed translucent door.
 12850 | D:11     | Identified the +8 trident "Niseucan" {freeze, Str+2 Dex+4}
 12852 | D:11     | Noticed greasedhog's ghost (journeyman MfFi)
 12942 | D:11     | Noticed Josephine
 12951 | D:11     | Killed Josephine
 12969 | D:11     | Reached skill level 10 in Spellcasting
 13182 | D:11     | Noticed a boulder beetle
 13239 | D:11     | Killed a boulder beetle
 13589 | D:11     | Found a staircase to the Orcish Mines.
 13930 | D:12     | Noticed a two-headed ogre
 13942 | D:12     | Killed a two-headed ogre
 14153 | D:12     | Reached skill level 12 in Earth Magic
 14327 | D:12     | You fall into a shaft and drop 3 floors!
 14327 | D:15     | Entered Level 15 of the Dungeon
 14350 | D:15     | Noticed a centaur warrior
 14374 | D:15     | Killed a centaur warrior
 14390 | D:15     | Noticed a tengu warrior
 14397 | D:15     | Noticed Kirke
 14397 | D:15     | Noticed an ogre mage
 14397 | D:15     | Noticed a two-headed ogre
 14408 | D:15     | Noticed a two-headed ogre
 14408 | D:15     | Noticed a five-headed hydra
 14428 | D:15     | Noticed a centaur warrior
 14553 | D:14     | Identified the +8 long sword "Yfachuoh" {speed, Dex+2}
 14755 | D:14     | Noticed Rupert
 14757 | D:13     | Noticed a centaur warrior
 14767 | D:13     | Killed a centaur warrior
 14768 | D:13     | Reached skill level 1 in Fire Magic
 14772 | D:13     | Reached XP level 13. HP: 51/78 MP: 16/27
 14861 | D:12     | Noticed Nergalle
 14869 | D:12     | Noticed Efuan's ghost (journeyman MiFi)
 14928 | D:12     | Killed Nergalle
 15409 | D:12     | Reached ***** piety under Vehumet
 15409 | D:12     | Offered knowledge of Airstrike by Vehumet.
 15459 | D:12     | Found a bloodstained altar of Trog.
 15466 | D:12     | Found a transporter.
 15469 | D:12     | Found a transporter.
 15614 | D:12     | Learned a level 2 spell: Blink
 15619 | D:12     | Learned a level 4 spell: Olgreb's Toxic Radiance
 15623 | D:12     | Learned a level 3 spell: Ignite Poison
 16199 | D:13     | Noticed Snorg
 16229 | D:13     | Killed Snorg
 16838 | D:13     | Reached skill level 1 in Shields
 17178 | D:14     | Found a gate to the Vaults.
 17186 | D:14     | Reached skill level 13 in Earth Magic
 17186 | D:14     | Reached skill level 1 in Poison Magic
 17197 | D:14     | Killed Rupert
 17198 | D:14     | Gained mutation: Your large and strong wings let you fly.
                  | [Gargoyle growth]
 17198 | D:14     | Reached XP level 14. HP: 32/86 MP: 2/29
 17425 | D:14     | Noticed Roxanne
 17458 | D:14     | Killed Roxanne
 17969 | D:14     | Found a stormy altar of Qazlal.
 18272 | D:15     | Learned a level 5 spell: Lee's Rapid Deconstruction
 18431 | D:15     | Killed Kirke
 19020 | D:15     | Reached skill level 10 in Fighting
 19103 | D:15     | Found a staircase to the Depths.
 19652 | Lair:1   | Entered Level 1 of the Lair of Beasts
 20024 | Lair:1   | Reached skill level 5 in Shields
 20220 | Lair:1   | Reached skill level 14 in Earth Magic
 20445 | Lair:1   | Noticed Urug
 20461 | Lair:1   | Killed Urug
 21148 | Lair:2   | Found a staircase to the Snake Pit.
 21302 | Lair:2   | Reached XP level 15. HP: 92/92 MP: 21/31
 21417 | Lair:3   | Offered knowledge of Orb of Destruction by Vehumet.
 21569 | Lair:3   | Noticed Sonja
 21580 | Lair:3   | Killed Sonja
 21643 | Lair:3   | Found a staircase to the Shoals.
 22011 | Lair:4   | Reached skill level 10 in Conjurations
 22190 | Lair:4   | Found a transporter.
 22222 | Lair:4   | Found a transporter.
 22223 | Lair:4   | Noticed bronco's ghost (journeyman HOBr)
 22273 | Lair:4   | Reached ****** piety under Vehumet
 22304 | Lair:4   | Found a staircase to the Slime Pits.
 22342 | Lair:4   | Found a viscous altar of Jiyva.
 22884 | Lair:5   | Entered Level 5 of the Lair of Beasts
 22905 | Lair:5   | Found a dark tunnel.
 22926 | Volcano  | Entered a volcano
 23181 | Lair:5   | Reached XP level 16. HP: 98/98 MP: 32/34
 23191 | Lair:5   | Learned a level 7 spell: Orb of Destruction
 23482 | Lair:5   | Found a runed translucent door.
 23575 | Lair:5   | Offered knowledge of Iron Shot by Vehumet.
 24735 | Lair:5   | Offered knowledge of Spellforged Servitor by Vehumet.
 24759 | Lair:5   | Reached XP level 17. HP: 88/103 MP: 35/35
 25392 | Orc:1    | Entered Level 1 of the Orcish Mines
 25508 | Orc:2    | Entered Level 2 of the Orcish Mines
 25982 | Orc:2    | Found a staircase to the Elven Halls.
 26059 | Orc:2    | Found a runed translucent door.
 26110 | Orc:2    | Noticed Donald
 26165 | Orc:2    | Killed Donald
 26917 | Orc:2    | Found Raezuogg's Weapon Shop.
 26926 | Orc:2    | Reached skill level 15 in Earth Magic
 27086 | Orc:2    | Found Aceoza Koynk's Assorted Antiques.
 27095 | Orc:2    | Found Qixui's Weapon Shoppe.
 27095 | Orc:2    | Found Zugel's Assorted Antiques.
 27122 | Orc:2    | Bought 2 potions of magic for 480 gold pieces
 27238 | Orc:2    | Offered knowledge of Arcjolt by Vehumet.
 27369 | Orc:2    | Bought a tourmaline ring for 150 gold pieces
 27369 | Orc:2    | Bought 2 potions of haste for 600 gold pieces
 27369 | Orc:2    | Bought a wand of acid (7) for 882 gold pieces
 27369 | Orc:2    | Bought an embroidered scarf for 240 gold pieces
 27369 | Orc:2    | Bought a fading mace for 240 gold pieces
 27369 | Orc:2    | Identified the +1 mace of Fiojytin {heavy, Drain +Blink
                  | MP+9 Stlth+} (You bought it in a shop on level 2 of the
                  | Orcish Mines)
 27649 | Temple   | Acquired the ring of Bikkanoi {rC+ rN+ Str+2 Int+2}
 27651 | Temple   | Acquired an amulet of reflection
 27982 | Snake:1  | Entered Level 1 of the Snake Pit
 28028 | Snake:1  | Noticed Mlioglotl
 28253 | Snake:1  | Killed Mlioglotl
 28504 | Snake:1  | Learned a level 5 spell: Arcjolt
 28992 | Snake:1  | Found Maefeo's Armour Shoppe.
 29196 | Snake:1  | Reached skill level 15 in Spellcasting
 29424 | Snake:1  | Reached skill level 10 in Shields
 29882 | Snake:2  | Identified the +3 mace of the Queen {venom, Fly rN+ Int-5
                  | Dex+5}
 30976 | Snake:3  | Offered knowledge of Eringya's Noxious Bog by Vehumet.
 31080 | Snake:3  | Reached XP level 18. HP: 110/110 MP: 24/37
 31181 | Snake:3  | Identified the +3 robe of the Forest {Str+6 Stlth+}
 31320 | Snake:3  | Got the Catalogue of Combat Magic and Malisons
 32104 | Snake:4  | Entered Level 4 of the Snake Pit
 32126 | Snake:4  | Reached skill level 16 in Earth Magic
 32173 | Snake:4  | Found a transporter.
 32180 | Snake:4  | Found a transporter.
 32185 | Snake:4  | Found a one-way gate to the infinite horrors of the Abyss.
 32185 | Snake:4  | Noticed Newt's ghost (adept DsGl)
 32295 | Snake:4  | Noticed a hellephant
 33891 | Snake:4  | Got a serpentine rune of Zot
 34010 | Snake:4  | Offered knowledge of Maxwell's Capacitive Coupling by
                  | Vehumet.
 34268 | D:12     | Killed Efuan's ghost
 34905 | Shoals:1 | Entered Level 1 of the Shoals
 34980 | Shoals:1 | Found Vinodwuf's Distillery.
 35159 | Shoals:1 | Reached skill level 1 in Evocations
 35159 | Shoals:1 | Reached XP level 19. HP: 116/116 MP: 39/39
 35160 | Shoals:1 | Reached skill level 17 in Earth Magic
 35160 | Shoals:1 | Reached XP level 20. HP: 123/123 MP: 40/40
 35181 | Shoals:1 | Reached XP level 21. HP: 107/128 MP: 34/41
 35391 | Shoals:1 | Acquired 1253 gold pieces
 35981 | Shoals:2 | Found Yzxaphad's Self-Improvement Boutique.
 36060 | Shoals:2 | Found a flickering gateway to a bazaar.
 36078 | Bazaar   | Entered a bazaar
 36078 | Bazaar   | Found Extasch's Magic Scroll Boutique.
 36078 | Bazaar   | Found Ufopsoratt's Antique Weapon Shoppe.
 36078 | Bazaar   | Found Coga's Antique Weapon Shop.
 36078 | Bazaar   | Found Qoamnat's Armour Shoppe.
 36080 | Bazaar   | Found Ritupe's Jewellery Shop.
 36080 | Bazaar   | Found Gurrolarut's Book Emporium.
 36102 | Bazaar   | Bought the +1 pair of boots of Pydiytim {Dex+4} for 348
                  | gold pieces
 36116 | Bazaar   | Bought a book of the Moon for 320 gold pieces
 36116 | Bazaar   | Bought Great Wizards, Vol. II for 304 gold pieces
 36122 | Bazaar   | Learned a level 5 spell: Borgnjor's Vile Clutch
 36127 | Bazaar   | Bought the ring of Fekoetuth {rPois rF+ Int+6} for 596 gold
                  | pieces
 36135 | Bazaar   | Bought a scroll of blinking for 127 gold pieces
 36135 | Bazaar   | Bought a scroll of amnesia for 68 gold pieces
 37397 | Shoals:2 | Bought a manual of Earth Magic for 1040 gold pieces
 37448 | Shoals:3 | Reached skill level 10 in Dodging
 37468 | Shoals:3 | Offered knowledge of Polar Vortex by Vehumet.
 37468 | Shoals:3 | Offered knowledge of Maxwell's Capacitive Coupling by
                  | Vehumet.
 37553 | Shoals:3 | Noticed Ilsuiw
 37598 | Shoals:3 | Killed Ilsuiw
 38269 | Shoals:3 | Reached skill level 18 in Earth Magic
 38327 | Shoals:3 | Noticed Polyphemus
 38335 | Shoals:3 | Killed Polyphemus
 39341 | Shoals:4 | Entered Level 4 of the Shoals
 39556 | Shoals:4 | Got a barnacled rune of Zot
 39838 | Shoals:4 | Identified the amulet "Uxytsus" {RegenMP Harm Rampage rPois
                  | MP-9}
 41083 | Vaults:1 | Entered Level 1 of the Vaults
 41343 | Vaults:1 | Reached skill level 15 in Fighting
 41352 | Vaults:1 | Reached XP level 22. HP: 138/140 MP: 25/43
 41545 | Vaults:1 | Noticed Aizul
 41554 | Vaults:1 | Killed Aizul
 41685 | Vaults:1 | Reached skill level 19 in Earth Magic
 42188 | Vaults:1 | Reached skill level 15 in Conjurations
 43630 | Vaults:2 | Reached skill level 20 in Earth Magic
 43961 | Vaults:2 | Found a staircase to the Crypt.
 44053 | Vaults:2 | Found a portal to a secret trove of treasure.
 44061 | Vaults:2 | You paid a toll of 8 potions of haste to enter a treasure
                  | trove
 44062 | Trove    | Entered a treasure trove
 44181 | Trove    | Identified the ring of the Philosopher {+Blink rC+ Dex-4
                  | SInv}
 44183 | Trove    | Identified the amulet of Pomnihe {Faith Rampage MP+9 Int+3}
 44193 | Trove    | Identified the ring "Deijaxeg" {EV+5 Str+6}
 44195 | Trove    | Identified the ring "Yrghy" {rN+ Int+4}
 44197 | Trove    | Identified the amulet "Cawnyw" {Regen+ rCorr}
 44212 | Trove    | Identified the ring of Domnae Luph {Str+4 Int+6}
 44221 | Trove    | Identified the ring "Dihyofel" {rElec rC+ rN+ Will- Str+6}
 44612 | Vaults:2 | Reached skill level 15 in Shields
 45544 | Vaults:3 | Noticed Margery
 45549 | Vaults:3 | Killed Margery
 45557 | Vaults:3 | Reached XP level 23. HP: 76/148 MP: 23/44
 45627 | Vaults:3 | Found Duoh's Magic Scroll Shop.
 45647 | Vaults:3 | Bought a scroll of blinking for 157 gold pieces
 45647 | Vaults:3 | Bought a scroll of amnesia for 84 gold pieces
 45647 | Vaults:3 | Bought a scroll of enchant weapon for 157 gold pieces
 45647 | Vaults:3 | Bought a scroll of blinking for 157 gold pieces
 45889 | Vaults:3 | Found Bawkylets's Weapon Shop.
 45947 | Vaults:3 | Noticed Mennas
 46046 | Vaults:3 | Found Zacelaxa's Distillery.
 46311 | Vaults:3 | Noticed Boris
 46332 | Vaults:3 | Blown up by Boris

Illustrated notes

Levels and vault maps discovered:
D:1:      roderic_crossed_star, layout_loops_ring, serial_shops,
          nicolae_shop_statue_plus, st_stairs_10, hangedman_glass_teeth,
          grunt_decor_mini_mirrors, amcnicky_mini_corridor_feature
D:2:      layout_rooms, kennysheep_generic_room_2
D:3:      layout_loops_ring, grunt_gozag_statues,
          mainiacjoe_overflow_small_starburst, uniq_terence,
          uniq_crazy_yiuf_cottage
D:4:      layout_loops_corners, mainiacjoe_overflow_cross_hatched,
          nemelex_diamond_rough_becter, nicolae_ossuary_entry_ruins,
          uniq_natasha, uniq_robin, uniq_eustachio
D:5:      layout_loops_ring, mainiacjoe_overflow_large_starburst,
          gammafunk_temple_overflow_statue, temple_doors_ab, serial_bayou,
          serial_bayou_lagoon_a, serial_bayou_shore_a, serial_bayou_pond_b,
          serial_bayou_pond_b, minmay_fractal_squares_diagonal_5,
          uniq_prince_ribbit1
D:6:      layout_rooms, mainiacjoe_overflow_chevrons, okawaru_altar_gauntlet_db
D:7:      layout_cave_pools, nicolae_elevator_lobby_asterisk
D:8:      layout_cave_pods, kennysheep_generic_room_5, uniq_joseph, uniq_erica
D:9:      layout_small_grid, mainiacjoe_overflow_alcove_1,
          grunt_dithmenos_smoke, uniq_harold, uniq_erolcha
D:10:     layout_stronghold, cheibriados_altar_1, serial_undead,
          serial_undead_a, serial_undead_b, serial_undead_c, serial_undead_d
D:11:     layout_basic, david_lair_shrubbed, david_orc_4,
          ebering_ghost_funeral_grove, corexii_checkpoint_b, uniq_josephine
D:12:     minmay_skewed_foursquare, layout_irregular_city,
          gammafunk_ghost_wrathful_warriors, uniq_nergalle
D:13:     lemuel_reptile_caves, layout_rooms, uniq_snorg
D:14:     layout_roguey, david_vaults_3, interstate_on_off,
          nicolae_qazlal_eye_of_the_storm, uniq_roxanne
D:15:     grunt_enter_depths_magical_seal, layout_cross,
          minmay_misc_feat_secret_circle, uniq_kirke
Temple:   compressed_dpeg_triangle_lava_temple
Lair:1:   layout_loops_ring, uniq_urug
Lair:2:   layout_misc_corridors, minmay_snake_entry_guardpost_large,
          st_stairs_13, roderic_batcave
Lair:3:   layout_misc_corridors, minmay_shoals_entry_centaurs,
          lemuel_fruit_fields, uniq_sonja
Lair:4:   layout_loops_ring, slime_entry_1, gammafunk_ghost_berserking_beasts,
          nicolae_lair_run_with_the_wolves, infiniplex_staircase_pool_2
Lair:5:   wormcave, layout_hall_layers, hangedman_lair_in_review,
          enter_volcano_1
Shoals:1: layout_shoals, serial_shops, nicolae_shop_behind_doors,
          nicolae_shoals_aquamancer_cove
Shoals:2: layout_shoals, serial_shops, bzr_entry_customers,
          nicolae_shop_self_help
Shoals:3: layout_shoals, uniq_ilsuiw, uniq_polyphemus
Shoals:4: shoals_end_grunt_garden, layout_shoals
Snake:1:  layout_layer_cave, serial_shops, shop, serial_bayou_shore_b,
          uniq_mlioglotl
Snake:2:  nicolae_snake_hallway, layout_misc_corridors
Snake:3:  layout_basic, dpeg_stationary_puzzle
Snake:4:  snake_pit, layout_cave_town, gammafunk_ghost_abyssal_escape
Orc:1:    layout_caves
Orc:2:    st_orc_elflike, layout_caves, lightli_church_of_beogh, uniq_donald
Vaults:1: v_misc_33, nicolae_vaults_angled_halls, v_misc_26,
          nicolae_vaults_shelves_hall, ontoclasm_vaults_eye,
          ontoclasm_vaults_idyll, nicolae_vaults_theta, layout_vaults_omnigrid,
          uniq_aizul
Vaults:2: v_misc_30, st_quartered_hall, minmay_crypt_entry_nasty_monster,
          v_alt_pattern_1, v_alt_pattern_1, vaults_room_boxed, v_misc_32,
          vaults_mumra_hex, nicolae_vaults_gold_heap, v_alt_pattern_6,
          v_misc_22, hangedman_vaults_cutoff, nicolae_vaults_little_squares_5,
          vaults_room_hallway, layout_vaults_omnicross, enter_trove_0
Vaults:3: ontoclasm_vaults_hangar, nicolae_vaults_alarming, v_alt_pattern_2,
          nicolae_vaults_puzzle_piece, nicolae_vaults_border_crossing,
          v_misc_29, nicolae_vaults_little_ls, v_misc_26,
          nicolae_vaults_little_squares_4, layout_vaults_big_room, serial_shops,
          nicolae_shop_window_shopping, nicolae_shop_advertising_works
          [nicolae_subvault_shop_adworks], shop,
          nicolae_shop_bloodbath_and_beyond, uniq_boris, uniq_mennas,
          uniq_margery

Skill      XL: |  1  2  3  4  5  6  7  8  9 10 11 12 13 14 15 16 17 18 19 20 21 22 23 |
---------------+----------------------------------------------------------------------+-----
Earth Magic    | 4 5 6 7 9 10 11 12 13 14 15 16 17 18 20 | 20.9
Fighting       | 1 2 3 4 5 6 7 9 10 11 12 15 16 17 | 17.4
Armour         | 1 2 3 4 5 6 7 8 9 |  9.0
Conjurations   | 1 2 3 4 5 6 7 8 9 10 11 13 14 15 | 15.8
Dodging        | 2 3 4 5 6 7 8 9 10 11 | 11.0
Spellcasting   | 3 4 5 7 8 9 10 11 12 14 15 16 17 | 17.8
Stealth        | 3 4 5 6 7 8 9 |  9.4
Fire Magic     | 1 2 3 4 |  4.5
Shields        | 2 6 7 9 11 12 13 15 | 15.6
Poison Magic   | 1 2 |  2.4
Evocations     | 1 2 |  2.0
Transmutations | |  0.7

Action                   |  1- 3 |  4- 6 |  7- 9 | 10-12 | 13-15 | 16-18 | 19-21 | 22-24 || total
-------------------------+-------+-------+-------+-------+-------+-------+-------+-------++-------
Melee: Unarmed           |     2 |       |       |       |       |       |       |       ||     2
       Dagger            |     7 |       |       |       |       |       |       |       ||     7
       Hand axe          |       |    12 |       |       |       |       |       |       ||    12
       Mace              |       |    10 |   128 |    45 |       |       |       |       ||   183
       Scimitar          |       |       |       |   343 |       |       |       |       ||   343
       Punch             |       |       |       |     8 |     7 |       |       |       ||    15
       Long sword        |       |       |       |    18 |   850 |  1362 |   330 |   344 ||  2904
 Fire: Hand crossbow     |       |       |       |       |       |       |       |     5 ||     5
Throw: Javelin           |       |       |       |       |       |     1 |       |       ||     1
 Cast: Sandblast         |    38 |    70 |   142 |   110 |    24 |       |       |       ||   384
       Stone Arrow       |       |     3 |    16 |    74 |   106 |     9 |     7 |     1 ||   216
       Petrify           |       |       |       |    15 |     6 |       |       |       ||    21
       Searing Ray       |       |       |       |     3 |     3 |       |       |       ||     6
       Flame Wave        |       |       |       |     6 |    17 |    16 |     1 |       ||    40
       Scorch            |       |       |       |    17 |    44 |     7 |       |     6 ||    74
       Irradiate         |       |       |       |     2 |    10 |    14 |     1 |     2 ||    29
       Olgreb's Toxic Ra |       |       |       |       |     5 |    22 |       |       ||    27
       Ignite Poison     |       |       |       |       |     2 |    12 |       |       ||    14
       Lee's Rapid Decon |       |       |       |       |    11 |    17 |       |       ||    28
       Passwall          |       |       |       |       |     1 |       |       |       ||     1
       Orb of Destructio |       |       |       |       |       |    47 |    68 |    40 ||   155
       Blink             |       |       |       |       |       |     2 |       |     7 ||     9
       Arcjolt           |       |       |       |       |       |   112 |   119 |   145 ||   376
       Borgnjor's Vile C |       |       |       |       |       |       |     2 |     1 ||     3
Evoke: Wand              |       |       |       |    10 |     6 |     5 |     1 |    11 ||    33
       Lightning rod     |       |       |       |       |       |       |       |     4 ||     4
       Tin of tremorston |       |       |       |       |       |       |       |     2 ||     2
       Phantom mirror    |       |       |       |       |       |       |       |     1 ||     1
  Use: Scroll            |       |     2 |    23 |    13 |     1 |    12 |     3 |     1 ||    55
       Potion            |       |       |     1 |     4 |     5 |    11 |     2 |     6 ||    29
 Stab: Petrified         |       |       |       |    31 |     4 |       |       |       ||    35
       Sleeping          |       |       |       |     5 |     5 |    14 |       |     3 ||    27
       Petrifying        |       |       |       |     1 |       |       |       |       ||     1
       Confused          |       |       |       |       |     1 |       |       |       ||     1
       Distracted        |       |       |       |       |       |     1 |       |       ||     1
       Held in net/web   |       |       |       |       |       |       |     1 |       ||     1
Armor: Robe              |    17 |    49 |    10 |       |       |   171 |       |       ||   247
       Leather armour    |       |       |   133 |    73 |       |       |       |       ||   206
       Steam dragon scal |       |       |       |   305 |       |       |       |       ||   305
       Troll leather arm |       |       |       |   194 |   770 |   538 |   222 |   284 ||  2008
Dodge: Dodged            |    22 |    69 |   229 |   563 |   851 |   866 |   332 |   267 ||  3199
       Repelled          |       |       |       |       |       |    48 |     5 |     4 ||    57
Block: Buckler           |       |       |       |       |    68 |       |       |       ||    68
       Kite shield       |       |       |       |       |   494 |  1366 |   432 |   491 ||  2783
       Reflection        |       |       |       |       |       |   104 |    48 |    37 ||   189

Table legend: (Time is in decaauts)
 A = Elapsed time spent in this place.
 B = Non-inter-level travel time spent in this place.
 C = Inter-level travel time spent in this place.
 D = Time resting spent in this place.
 E = Time spent auto-exploring this place.
 F = Levels seen in this place.
 G = Mean time per level.
                   A        B        C        D        E       F      G
               +--------+--------+--------+--------+--------+-----+--------+
         Total |  46859 |  41620 |   5239 |   7191 |  22657 |  38 | 1233.1 |
       Dungeon |  21638 |  17811 |   3827 |   3270 |  10050 |  15 | 1442.5 |
        Temple |    534 |    514 |     20 |    100 |    289 |   1 |  534.0 |
          Lair |   5826 |   5312 |    514 |    539 |   3055 |   5 | 1165.2 |
        Shoals |   5209 |   4930 |    279 |    615 |   3044 |   4 | 1302.2 |
     Snake Pit |   5822 |   5653 |    169 |   1199 |   2579 |   4 | 1455.5 |
  Orcish Mines |   2097 |   1909 |    188 |    227 |   1039 |   2 | 1048.5 |
        Vaults |   4657 |   4416 |    241 |    766 |   2513 |   3 | 1552.3 |
        Bazaar |     65 |     65 |      0 |      0 |      0 |   1 |   65.0 |
         Trove |    168 |    168 |      0 |    100 |      0 |   1 |  168.0 |
       Ossuary |    586 |    586 |      0 |    375 |     10 |   1 |  586.0 |
       Volcano |    251 |    251 |      0 |      0 |     78 |   1 |  251.0 |
               +--------+--------+--------+--------+--------+-----+--------+

Top non-repeatable levels by time:
     D:5: 2233 daAuts
Vaults:2: 2217 daAuts
    D:12: 1952 daAuts
Shoals:3: 1948 daAuts
 Snake:1: 1948 daAuts
    D:11: 1907 daAuts
 Snake:4: 1894 daAuts
Vaults:1: 1883 daAuts
  Lair:5: 1881 daAuts
     D:9: 1876 daAuts
    D:10: 1694 daAuts
     D:8: 1631 daAuts
   Orc:2: 1623 daAuts
     D:4: 1552 daAuts
     D:6: 1495 daAuts
